 Dungeon Crawl Stone Soup version 0.21.1-1-g345015fe64 (webtiles) character file.

3458 Ingvold the Grappler (level 9, 0/84 HPs)
             Began as a Troll Monk on May 29, 2018.
             Was a Believer of Uskayaw.
             Slain by a bullfrog (5 damage)
             ... on level 8 of the Dungeon.
             The game lasted 00:17:25 (5205 turns).

Ingvold the Grappler (Troll Monk)                   Turns: 5205, Time: 00:17:26

Health: 0/84       AC:  9    Str: 24    XL:     9   Next: 78%
Magic:  5/8        EV: 13    Int: 10    God:    Uskayaw [**....]
Gold:   249        SH:  0    Dex: 17    Spells: 8/8 levels left

rFire    . . .     SeeInvis .     - Unarmed
rCold    . . .     Gourm    +   (no shield)
rNeg     . . .     Faith    .   m - +2 robe {MR+}
rPois    .         Spirit   .   (helmet restricted)
rElec    .         Reflect  .   l - +1 cloak
rCorr    .         Harm     .   (gloves unavailable)
MR       +....                  (boots unavailable)
Stlth    +++.......             (no amulet)
HPRegen  0.64/turn              i - +5 ring of dexterity
MPRegen  0.11/turn              s - +4 ring of intelligence

@: lethally poisoned (0 -> -2), slowed, very slow
A: large, unfitting armour, claws 3, fast metabolism 3, gourmand, regeneration
1, shaggy fur 1, tough skin 2
a: Stomp, Line Pass, Renounce Religion


You were on level 8 of the Dungeon.
You worshipped Uskayaw.
Uskayaw was noncommittal.
You were completely stuffed.

You visited 1 branch of the dungeon, and saw 8 of its levels.

You collected 249 gold pieces.

Inventory:

Armour
 l - a +1 cloak (worn)
 m - a +2 robe of magic resistance (worn)
Jewellery
 i - a +5 ring of dexterity (left claw)
 s - a +4 ring of intelligence (right claw)
Wands
 j - a wand of flame (40)
 o - a wand of acid (9)
 u - a wand of clouds (6)
Scrolls
 d - a scroll of amnesia {unknown}
 g - 3 scrolls of magic mapping
 h - 2 scrolls of remove curse
 k - 3 scrolls of teleportation
 n - 3 scrolls of identify
 q - a scroll of fog {unknown}
 t - a scroll of enchant armour {unknown}
Potions
 a - a potion of magic
 c - a potion of flight {unknown}
 e - a potion of resistance {unknown}
 f - 3 potions of heal wounds {unknown}
 p - 2 potions of curing {unknown}
Comestibles
 b - 12 rations


   Skills:
 + Level 3.6 Fighting
 + Level 5.8 Dodging
 + Level 4.2 Stealth
 + Level 10.5 Unarmed Combat


You had 8 spell levels left.
You didn't know any spells.

Dungeon Overview and Level Annotations

Branches:
Dungeon (8/15)             Temple (0/1) D:7
   Lair: D:8-11

Altars:
Ashenzari
Dithmenos
Gozag
Kikubaaqudgha
Nemelex Xobeh
Ru
Uskayaw

Shops:
D:7 *


Innate Abilities, Weirdness & Mutations

You are too large for most types of armour.
You have claws for hands.
Your metabolism is lightning-fast.
You like to eat raw meat.
Your natural rate of healing is unusually fast.
You are covered in fur. (AC +1)
You have very tough skin. (AC +2)


Message History

Okay, then.
You closely miss the hornet.
The hornet is severely wounded.
You feel sick.
The bullfrog snags a nearby blue-tailed skink with its tongue.
The bullfrog hits you.
* * * LOW HITPOINT WARNING * * *
The hornet closely misses you.
The bullfrog hits you but does no damage.
The hornet closely misses you. The iguana bites you!
* * * LOW HITPOINT WARNING * * *
You stomp with the beat, sending a shockwave through the revelers around you!
The hornet is severely wounded.
The bullfrog is moderately wounded.
The iguana is moderately wounded.
You feel somewhat less full.
You feel sick. The bullfrog hits you.
* * * LOW HITPOINT WARNING * * *
The hornet barely misses you. The iguana bites you.
* * * LOW HITPOINT WARNING * * *
The bullfrog hits you.
You die...

?. . .# $. ..
#. .# #.. .# #
##... ##.#.#.#
......#.F....##
.....ay@.......
.###.#l##...##.
#. .## ## #


You could see a hornet, a bullfrog, an iguana and a worker ant.

Vanquished Creatures
  The ghost of supermoro the Sneak, a novice KoEn (D:5)
  A troll (D:6)
  Grinder (D:4)
  Sigmund (D:3)
  The ghost of Kuruc the Magician, an amateur DESu (D:4)
  An orc warrior (D:4)
  A black bear (D:7)
  2 sky beasts
  3 ice beasts
  2 ogres (D:6)
  2 centaurs
  Blork the orc (D:5)
  4 bullfrogs
  2 scorpions
  A water moccasin skeleton (D:7)
  A howler monkey (D:7)
  A bullfrog zombie (D:5)
  5 crimson imps
  2 orc priests
  Crazy Yiuf (D:3)
  2 bullfrog skeletons (D:7)
  2 hounds
  An iguana (D:3)
  3 worker ants
  7 orc wizards
  A hound skeleton (D:8)
  A howler monkey zombie (D:7)
  A worker ant zombie (D:5)
  4 gnolls (D:5)
  12 adders
  A howler monkey skeleton (D:7)
  A shadow imp (D:6)
  2 adder zombies (D:6)
  3 worms
  2 dart slugs
  6 leopard geckos
  12 orcs
  5 ball pythons
  4 giant cockroaches
  9 goblins
  10 hobgoblins
  13 jackals
  9 kobolds
  5 quokkas
  5 bats
  3 frilled lizards
  A quokka zombie (D:6)
  4 rats
163 creatures vanquished.

Notes
Turn   | Place    | Note
-------+----------+-------------------------------------------
     0 | D:1      | Ingvold the Troll Monk began the quest for the Orb.
     0 | D:1      | Reached XP level 1. HP: 22/22 MP: 0/0
    73 | D:1      | Reached XP level 2. HP: 26/29 MP: 1/1
   660 | D:2      | Reached XP level 3. HP: 36/36 MP: 2/2
   956 | D:2      | Found a shadowy altar of Dithmenos.
   991 | D:2      | Found a hide-covered altar of Uskayaw.
  1011 | D:2      | Became a worshipper of Uskayaw the Reveler
  1011 | D:2      | Reached * piety under Uskayaw
  1144 | D:2      | Reached ** piety under Uskayaw
  1169 | D:2      | Reached XP level 4. HP: 44/44 MP: 3/3
  1285 | D:3      | Found an opulent altar of Gozag.
  1318 | D:3      | Reached skill level 4 in Unarmed Combat
  1498 | D:3      | Found a runed door.
  1502 | D:3      | Noticed Crazy Yiuf
  1509 | D:3      | Killed Crazy Yiuf
  1659 | D:3      | Found a sparkling altar of Nemelex Xobeh.
  1660 | D:3      | Found an ancient bone altar of Kikubaaqudgha.
  1683 | D:3      | Noticed Sigmund
  1685 | D:3      | Reached XP level 5. HP: 52/52 MP: 4/4
  1696 | D:3      | Found a faded altar of an unknown god.
  1699 | D:3      | Killed Sigmund
  1699 | D:3      | Reached skill level 5 in Unarmed Combat
  1699 | D:3      | Reached XP level 6. HP: 59/59 MP: 5/5
  1897 | D:3      | Found a shattered altar of Ashenzari.
  2118 | D:4      | Noticed Grinder
  2134 | D:4      | Killed Grinder
  2134 | D:4      | Reached skill level 6 in Unarmed Combat
  2178 | D:4      | Noticed an orc warrior
  2178 | D:4      | Reached XP level 7. HP: 65/67 MP: 6/6
  2411 | D:4      | Found a sacrificial altar of Ru.
  2525 | D:4      | Noticed Kuruc's ghost (amateur DESu)
  2533 | D:4      | Killed Kuruc's ghost
  2651 | D:4      | Reached skill level 7 in Unarmed Combat
  2928 | D:5      | Entered Level 5 of the Dungeon
  2936 | D:5      | Noticed Blork the orc
  2941 | D:5      | Killed Blork the orc
  2981 | D:5      | Reached *** piety under Uskayaw
  2985 | D:5      | Reached XP level 8. HP: 58/75 MP: 7/7
  2989 | D:5      | Reached **** piety under Uskayaw
  3368 | D:5      | Reached skill level 8 in Unarmed Combat
  3470 | D:5      | Noticed supermoro's ghost (novice KoEn)
  3496 | D:5      | Killed supermoro's ghost
  3847 | D:6      | Reached skill level 9 in Unarmed Combat
  3876 | D:6      | Reached skill level 5 in Dodging
  3938 | D:6      | Reached XP level 9. HP: 56/83 MP: 8/8
  3968 | D:6      | Noticed a troll
  3981 | D:6      | Killed a troll
  4563 | D:7      | Reached skill level 10 in Unarmed Combat
  4665 | D:7      | Found a staircase to the Ecumenical Temple.
  4751 | D:7      | Found Pozuts's Elemental Accessories.
  5200 | D:8      | Paralysed by a hornet for 3 turns
  5205 | D:8      | Slain by a bullfrog

Skill      XL: |  1  2  3  4  5  6  7  8  9 |
---------------+----------------------------+-----
Dodging        | 3 4 5 |  5.8
Unarmed Combat | 4 5 6 7 9 10 | 10.5
Fighting       | 3 |  3.6
Stealth        | 2 3 4 |  4.2

Action                   |  1- 3 |  4- 6 |  7- 9 || total
-------------------------+-------+-------+-------++-------
Melee: Unarmed           |   106 |    74 |   277 ||   457
       Punch             |     1 |     1 |    13 ||    15
Invok: Stomp             |       |     2 |     4 ||     6
  Use: Scroll            |       |       |     4 ||     4
 Stab: Sleeping          |     3 |     4 |    11 ||    18
       Paralysed         |       |       |    10 ||    10
  Eat: Chunk             |    16 |     8 |    30 ||    54
Armor: Robe              |    45 |    21 |   109 ||   175
Dodge: Dodged            |    62 |    40 |   166 ||   268
